General information
- name: !ZOTAC Cup Final #4
- type: Custom game
- host: Waaagh!TV
- saver: An1mA
map: EchoIsles
- players: 5
- length: 31:03
- speed: Fast
- version: 1.21 W3XP
- replay type: Public
» download(281 KB)
Players
team 1 (winner)
MYM.Grubby (
blue | 238 APM | 7384 actions | 31:03)
4 Blademaster
2 Wind Walk
2 Critical Strike
5 Tauren Chieftain
2 Endurance Aura
3 Shockwave
» actions
| Assign group hotkey | 550 | |
| Basic commands | 122 | |
| Build / train | 113 | |
| ESC pressed | 4 | |
| Enter build submenu | 19 | |
| Enter hero's abilities submenu | 9 | |
| Give item / drop item | 11 | |
| Right click | 2849 | |
| Select / deselect | 1072 | |
| Select group hotkey | 2257 | |
| Use ability | 378 | |
7384 total
» units
| Peon | 22 | |
| Grunt | 5 | |
| Raider | 14 | |
| Spirit Walker | 7 | |
| Troll Batrider | 1 | |
49 total
» upgrades
| Berserker Strength | 1 | |
| Ensnare | 1 | |
| Spirit Walker Training | 1 | |
| Pillage | 1 | |
4 total
» buildings
| Altar of Storms | 1 | |
| Orc Burrow | 7 | |
| Barracks | 1 | |
| Voodoo Lounge | 3 | |
| Stronghold | 2 | |
| Beastiary | 2 | |
| Great Hall | 2 | |
| Spirit Lodge | 1 | |
19 total
» build order
00:03 Altar of Storms
00:17 Orc Burrow
00:33 Barracks
01:25 Orc Burrow
01:48 Voodoo Lounge
02:56 Stronghold
02:56 Stronghold
03:41 Orc Burrow
05:20 Beastiary
06:05 Great Hall
06:44 Spirit Lodge
08:37 Orc Burrow
09:36 Orc Burrow
09:47 Orc Burrow
11:12 Beastiary
12:33 Orc Burrow
26:57 Voodoo Lounge
27:10 Voodoo Lounge
28:15 Great Hall
» items
| Healing Salve | 10 | |
| Boots of Speed | 1 | |
| Dust of Appearance | 1 | |
| Scroll of Speed | 9 | |
| Potion of Lesser Invulnerability | 3 | |
| Scroll of Healing | 5 | |
| Lesser Clarity Potion | 7 | |
| Scroll of Town Portal | 5 | |
| Potion of Mana | 1 | |
42 total
team 2 (loser)
Bet.WinNers. (
orange | 271 APM | 8412 actions | 31:03)
4 Demon Hunter
2 Mana Burn
2 Evasion
4 Beastmaster
2 Summon Quilbeast
2 Summon Hawk
3 Goblin Tinker
2 Pocket Factory
1 Cluster Rockets
» actions
| Assign group hotkey | 88 | |
| Basic commands | 448 | |
| Build / train | 118 | |
| ESC pressed | 8 | |
| Enter build submenu | 23 | |
| Enter hero's abilities submenu | 12 | |
| Give item / drop item | 24 | |
| Right click | 2484 | |
| Select / deselect | 998 | |
| Select group hotkey | 3820 | |
| Use ability | 389 | |
8412 total
» units
| Wisp | 21 | |
| Archer | 1 | |
| Forest Troll Berserker | 9 | |
| Druid of the Talon | 26 | |
| Faerie Dragon | 6 | |
63 total
» upgrades
| Druid of the Talon Training | 2 | |
| Nature's Blessing | 1 | |
3 total
» buildings
| Altar of Elders | 2 | |
| Moon Well | 13 | |
| Ancient of War | 1 | |
| Tree of Ages | 2 | |
| Ancient of Wind | 2 | |
| Tree of Eternity | 2 | |
| Ancient of Wonders | 2 | |
24 total
» build order
00:04 Altar of Elders
00:06 Altar of Elders
00:16 Moon Well
00:21 Ancient of War
01:35 Moon Well
01:59 Moon Well
02:59 Tree of Ages
02:59 Tree of Ages
03:14 Moon Well
04:12 Moon Well
05:26 Ancient of Wind
05:28 Tree of Eternity
05:29 Tree of Eternity
06:07 Ancient of Wind
07:10 Ancient of Wonders
10:51 Moon Well
10:58 Moon Well
11:56 Moon Well
11:58 Moon Well
12:47 Moon Well
15:04 Moon Well
16:29 Ancient of Wonders
27:19 Moon Well
28:08 Moon Well
» items
| Dust of Appearance | 4 | |
| Claws of Attack +6 | 2 | |
| Lesser Clarity Potion | 1 | |
| Orb of Venom | 1 | |
| Staff of Preservation | 1 | |
| Potion of Lesser Invulnerability | 2 | |
| Scroll of Town Portal | 12 | |
| Scroll of Healing | 6 | |
29 total
refereesWTV,
An1mA,
Obs Chat log
(00:03 / All) WTV: - NGL-fLavour
(00:07 / All) Obs: WHL]Sharrakkor: btw i think after 12pm
(00:11 / All) Obs: WHL]Sharrakkor: my host becomes really bad
(00:16 / All) WTV: Reset speed to normal.
(00:27 / All) MYM.Grubby: gl hf
(00:31 / All) Bet.WinNers.: gl
(00:37 / All) Obs: WHL]Sharrakkor: 12:00 EST = 18:00 CET
(01:07 / All) WTV: [Wiz] <<Bet.WinNers. trains Demon Hunter >>
(01:08 / All) WTV: [Wiz] <<MYM.Grubby trains Blade Master >>
(01:10 / All) Obs: WHL]Sharrakkor: is this a king of the hill?
(01:16 / All) Obs: NGL-fLavour: zotac cup final
(01:18 / All) Obs: WHL]Sharrakkor: oh
(01:20 / All) Obs: WHL]Sharrakkor: nice
(01:28 / All) Obs: WHL]Sharrakkor: so gurbby win ts?
(01:36 / All) Obs: NGL-fLavour: yea, very exciting end
(01:40 / All) Obs: NGL-fLavour: base kick :D
(01:40 / All) Obs: WHL]Sharrakkor: !
(01:42 / All) Obs: WHL]Sharrakkor: :)
(01:48 / All) WTV: [Wiz] <<MYM.Grubby builds Voodoo Lounge >>
(02:05 / All) Obs: WHL]Sharrakkor: wer denkst du gewonnen WCG 2008?
(02:07 / All) WTV: [Wiz] <<MYM.Grubby trains Wind Walk (Orc Blade Master) >>
(02:11 / All) Obs: NGL-fLavour: ^^
(02:18 / All) Obs: NGL-fLavour: hmm
(02:20 / All) WTV: [Wiz] <<Bet.WinNers. trains Mana Burn (NE Demon Hunter) >>
(02:25 / All) Obs: NGL-fLavour: Lyn mb
(02:30 / All) Obs: WHL]Sharrakkor: i think creo
(02:33 / All) Obs: WHL]Sharrakkor: 1 week before wcg finals
(02:34 / All) Obs: NGL-fLavour: ofc
(02:35 / All) Obs: WHL]Sharrakkor: practices
(02:35 / All) Obs: NGL-fLavour: :D
(02:37 / All) Obs: WHL]Sharrakkor: and wins it
(02:42 / All) Obs: WHL]Sharrakkor: he is elf after all
(02:51 / All) WTV: [Wiz] <<MYM.Grubby buys Healing Salve >>
(02:56 / All) WTV: [Wiz] <<MYM.Grubby upgrades to Stronghold >>
(02:59 / All) WTV: [Wiz] <<Bet.WinNers. upgrades to Tree of Ages >>
(03:00 / All) WTV: [Wiz] <<Bet.WinNers. buys Dust of Appearance >>
(03:27 / All) WTV: [Wiz] <<Bet.WinNers. buys Claws of Attack +6 >>
(03:34 / All) WTV: [Wiz] <<MapPing by Bet.WinNers. >>
(03:47 / All) WTV: [Wiz] <<Bet.WinNers. buys Claws of Attack +6 >>
(03:49 / All) WTV: [Wiz] <<MYM.Grubby trains Critical Strike (Orc Blade Master) >>
(04:05 / All) WTV: [Wiz] <<Bet.WinNers. hires Forest Troll Berserker >>
(04:55 / All) WTV: [Wiz] <<Bet.WinNers. trains Evasion (NE Demon Hunter) >>
(05:18 / All) WTV: [Wiz] <<MYM.Grubby researches Berserker Strength Upgrade >>
(05:19 / All) WTV: [Wiz] <<MYM.Grubby trains Tauren Chieftain >>
(05:20 / All) WTV: [Wiz] <<MYM.Grubby builds Bestiary >>
(05:20 / All) WTV: [Wiz] <<Bet.WinNers. trains Beastmaster >>
(05:21 / All) WTV: [Wiz] <<Bet.WinNers. trains Summon Quilbeast (Beastmaster) >>
(05:26 / All) WTV: [Wiz] <<Bet.WinNers. builds Ancient of Wind >>
(05:27 / All) WTV: [Wiz] <<MYM.Grubby buys Boots of Speed >>
(05:27 / All) WTV: [Wiz] <<MYM.Grubby buys Dust of Appearance >>
(05:28 / All) WTV: [Wiz] <<Bet.WinNers. upgrades to Tree of Eternity >>
(05:31 / All) Obs: WHL]Sharrakkor: whats the score
(05:34 / All) Obs: WHL]Sharrakkor: 2-1?
(05:37 / All) Obs: NGL-kekko: 2-2
(05:42 / All) Obs: WHL]Sharrakkor: ahh what was g1 map?
(05:47 / All) Obs: NGL-fLavour: tm
(05:52 / All) Obs: WHL]Sharrakkor: kind of unfair lol
(05:55 / All) Obs: WHL]Sharrakkor: dont oyu think? :)
(06:00 / All) Obs: NGL-kekko: tm gw sv ts ei
(06:01 / All) Obs: NGL-kekko: ^^
(06:03 / All) Obs: NGL-fLavour: not really
(06:05 / All) WTV: [Wiz] <<MYM.Grubby builds Great Hall >>
(06:07 / All) WTV: [Wiz] <<Bet.WinNers. builds Ancient of Wind >>
(06:16 / All) Obs: NGL-kekko: tm get never vetod so its not in a bo5
(06:17 / All) WTV: [Wiz] <<MYM.Grubby trains Endurance Aura (Orc Tauren Chieftain) >>
(06:18 / All) Obs: NGL-fLavour: mb we should think about LT as 1st map in final
(06:23 / All) WTV: [Wiz] <<MYM.Grubby buys Healing Salve >>
(06:23 / All) WTV: [Wiz] <<MYM.Grubby buys Scroll of Speed >>
(06:25 / All) WTV: [Wiz] <<MYM.Grubby buys Healing Salve >>
(06:26 / All) Obs: WHL]Sharrakkor: lol
(06:30 / All) WTV: [Wiz] <<Bet.WinNers. researches Druid of the Talon training Upgrade >>
(06:30 / All) Obs: WHL]Sharrakkor: mb lt and ts
(06:33 / All) Obs: WHL]Sharrakkor: sohuld be the only maps
(06:38 / All) Obs: NGL-fLavour: ...
(06:39 / All) WTV: [Wiz] <<MYM.Grubby researches Ensnare Upgrade >>
(06:39 / All) Obs: NGL-kekko: + PI!
(06:42 / All) WTV: [Wiz] <<Bet.WinNers. trains first Druid of the Talon >>
(06:43 / All) Obs: NGL-fLavour: :D
(06:44 / All) WTV: [Wiz] <<MYM.Grubby builds Spirit Lodge >>
(06:45 / All) Obs: WHL]Sharrakkor: lol
(06:53 / All) Obs: WHL]Sharrakkor: has a human ever won zotac or incup
(07:02 / All) WTV: [Wiz] <<Bet.WinNers. trains Summon Hawk (Beastmaster) >>
(07:04 / All) WTV: [Wiz] <<MYM.Grubby trains first Raider >>
(07:04 / All) Obs: NGL-kekko: zotac
(07:05 / All) Obs: NGL-kekko: hm..
(07:07 / All) Obs: NGL-kekko: think so
(07:10 / All) Obs: NGL-kekko: bonecracker 3-1 sats
(07:10 / All) WTV: [Wiz] <<Bet.WinNers. builds Ancient of Wonders >>
(07:14 / All) Obs: WHL]Sharrakkor: :O
(07:15 / All) Obs: NGL-kekko: wait i will check
(07:38 / All) Obs: NGL-fLavour: xyligan won 2 times
(07:43 / All) Obs: WHL]Sharrakkor: against who
(07:47 / All) Obs: NGL-kekko: demuslim
(07:49 / All) WTV: [Wiz] <<MYM.Grubby buys Potion of Lesser Invulnerability >>
(07:50 / All) WTV: [Wiz] <<Bet.WinNers. researches Druid of the Talon training Upgrade >>
(07:52 / All) Obs: NGL-kekko: sonkie
(07:53 / All) Obs: NGL-fLavour: 1 time it was eric
(07:54 / All) Obs: WHL]Sharrakkor: -_-
(07:58 / All) WTV: [Wiz] <<MYM.Grubby buys Scroll of Healing >>
(08:04 / All) Obs: WHL]Sharrakkor: so i guess this was before koreans played in it
(08:07 / All) Obs: WHL]Sharrakkor: lol
(08:10 / All) WTV: [Wiz] <<MYM.Grubby trains Wind Walk (Orc Blade Master) >>
(08:11 / All) Obs: NGL-kekko: y
(08:12 / All) Obs: NGL-kekko: :D
(08:17 / All) Obs: NGL-fLavour: but recently orcs were owning
(08:23 / All) Obs: NGL-fLavour: especially grubby
(08:24 / All) Obs: WHL]Sharrakkor: true
(08:25 / All) WTV: [Wiz] <<Bet.WinNers. buys Lesser Clarity Potion >>
(08:28 / All) WTV: [Wiz] <<Bet.WinNers. buys Orb of Venom >>
(08:30 / All) WTV: [Wiz] <<MapPing by NGL-kekko (Obs) >>
(08:32 / All) Obs: WHL]Sharrakkor: well i owuld play zotac
(08:33 / All) Obs: NGL-fLavour: focus
(08:33 / All) WTV: [Wiz] <<Bet.WinNers. buys Staff of Preservation >>
(08:36 / All) WTV: [Wiz] <<MYM.Grubby researches Spirit Walker Training Upgrade >>
(08:37 / All) Obs: WHL]Sharrakkor: but im saving my strats for WCG Usa
(08:41 / All) WTV: [Wiz] <<MYM.Grubby researches Pillage Upgrade >>
(08:43 / All) WTV: [Wiz] <<MapPing by NGL-fLavour (Obs) >>
(08:46 / All) Obs: WHL]Sharrakkor: im gonna win it btw
(08:48 / All) Obs: NGL-kekko: ^^
(08:50 / All) Obs: NGL-fLavour: ^^
(08:55 / All) WTV: [Wiz] <<MYM.Grubby trains Shockwave (Orc Tauren Chieftain) >>
(09:00 / All) Obs: WHL]Sharrakkor: sonkie and lw aint got nothin on me
(09:23 / All) WTV: [Wiz] <<Bet.WinNers. hires Forest Troll Berserker >>
(09:31 / All) WTV: [Wiz] <<MYM.Grubby trains first Spirit Walker >>
(09:54 / All) WTV: [Wiz] <<MYM.Grubby buys Scroll of Healing >>
(10:04 / All) WTV: [Wiz] <<Bet.WinNers. trains Mana Burn (NE Demon Hunter) >>
(10:25 / All) WTV: [Wiz] <<Bet.WinNers. trains Tinker >>
(10:27 / All) WTV: [Wiz] <<Bet.WinNers. trains Pocket Factory (+Engineer Lvl0) (Tinker) >>
(10:33 / All) WTV: [Wiz] <<MapPing by NGL-kekko (Obs) >>
(10:38 / All) WTV: [Wiz] <<Bet.WinNers. buys Potion of Lesser Invulnerability >>
(10:53 / All) WTV: [Wiz] <<MYM.Grubby buys Lesser Clarity Potion >>
(10:54 / All) WTV: [Wiz] <<MYM.Grubby buys Scroll of Town Portal >>
(10:56 / All) WTV: [Wiz] <<MYM.Grubby buys Scroll of Speed >>
(11:01 / All) WTV: [Wiz] <<MYM.Grubby buys Scroll of Town Portal >>
(11:06 / All) Obs: WHL]Sharrakkor: s i guess hes gonna try a base kill again?
(11:12 / All) WTV: [Wiz] <<MYM.Grubby builds Bestiary >>
(11:18 / All) WTV: [Wiz] <<MapPing by NGL-kekko (Obs) >>
(11:19 / All) Obs: WHL]Sharrakkor: good idea imo
(11:21 / All) WTV: [Wiz] <<Bet.WinNers. buys Scroll of Town Portal >>
(11:22 / All) Obs: NGL-kekko: mass raider?
(11:54 / All) WTV: [Wiz] <<MapPing by WHL]Sharrakkor (Obs) >>
(11:56 / All) Obs: WHL]Sharrakkor: repair
(12:25 / All) WTV: [Wiz] <<MapPing by NGL-kekko (Obs) >>
(12:26 / All) WTV: [Wiz] <<MapPing by WHL]Sharrakkor (Obs) >>
(12:26 / All) Obs: NGL-kekko: 10 hp
(12:27 / All) Obs: NGL-kekko: :D
(12:28 / All) Obs: WHL]Sharrakkor: wp
(12:31 / All) Obs: NGL-fLavour: its over now
(12:31 / All) Obs: WHL]Sharrakkor: btw
(12:36 / All) WTV: [Wiz] <<MYM.Grubby buys Lesser Clarity Potion >>
(12:36 / All) WTV: [Wiz] <<MYM.Grubby buys Healing Salve >>
(12:36 / All) Obs: WHL]Sharrakkor: im sitting behind grubby giving him tips
(12:37 / All) Obs: NGL-fLavour: grubby can fight now
(12:42 / All) Obs: WHL]Sharrakkor: lol
(12:44 / Referees) An1mA: myMYM.com for coverage and more replays
(12:44 / All) WTV: No chat interface to talk to
(12:48 / All) Obs: NGL-fLavour: thats friendly
(12:48 / All) Obs: WHL]Sharrakkor: i taught grubby everything he knows
(12:49 / All) WTV: [Wiz] <<MYM.Grubby buys Potion of Lesser Invulnerability >>
(12:58 / All) WTV: [Wiz] <<MYM.Grubby buys Scroll of Speed >>
(13:07 / All) WTV: [Wiz] <<Bet.WinNers. buys Scroll of Town Portal >>
(13:24 / All) Obs: WHL]Sharrakkor: so i can predict the next 50 orc v elf games
(13:31 / All) Obs: WHL]Sharrakkor: will be an orc massing raiders to kill the elf base
(13:52 / All) WTV: [Wiz] <<MapPing by NGL-fLavour (Obs) >>
(13:58 / All) WTV: [Wiz] <<MapPing by NGL-fLavour (Obs) >>
(14:00 / All) WTV: [Wiz] <<MYM.Grubby buys Lesser Clarity Potion >>
(14:14 / All) WTV: [Wiz] <<MYM.Grubby buys Lesser Clarity Potion >>
(14:16 / All) WTV: [Wiz] <<MapPing by WHL]Sharrakkor (Obs) >>
(14:22 / All) WTV: [Wiz] <<Bet.WinNers. buys Scroll of Town Portal >>
(14:24 / All) WTV: [Wiz] <<Bet.WinNers. buys Scroll of Healing >>
(14:26 / All) Obs: WHL]Sharrakkor: now hes going without a tp
(14:43 / All) Obs: WHL]Sharrakkor: but its 69 v 47
(14:51 / All) Obs: NGL-fLavour: grubby has to fight now
(14:55 / All) WTV: [Wiz] <<MYM.Grubby buys Healing Salve >>
(14:56 / All) WTV: [Wiz] <<Bet.WinNers. trains Summon Quilbeast (Beastmaster) >>
(15:06 / All) WTV: [Wiz] <<MYM.Grubby buys Potion of Lesser Invulnerability >>
(15:29 / All) Obs: NGL-fLavour: here we go
(15:33 / All) Obs: NGL-kekko: fighting
(15:37 / All) Obs: NGL-kekko: have to leave now so gogo
(15:44 / All) Obs: NGL-kekko: btw: hi anima!
(15:45 / All) Obs: NGL-kekko: :D
(15:48 / All) Obs: WHL]Sharrakkor: !
(16:08 / All) WTV: [Wiz] <<MYM.Grubby trains Shockwave (Orc Tauren Chieftain) >>
(16:22 / All) Obs: WHL]Sharrakkor: the elf had 20 less food
(16:26 / All) Obs: WHL]Sharrakkor: at the beginning of this fight
(16:29 / All) WTV: [Wiz] <<Bet.WinNers. builds Ancient of Wonders >>
(16:36 / All) WTV: [Wiz] <<MYM.Grubby buys Lesser Clarity Potion >>
(17:00 / All) WTV: [Wiz] <<Bet.WinNers. hires Forest Troll Berserker >>
(17:03 / All) WTV: [Wiz] <<MYM.Grubby trains first Troll Batrider >>
(17:11 / All) WTV: [Wiz] <<Bet.WinNers. buys Scroll of Healing >>
(17:12 / All) WTV: [Wiz] <<Bet.WinNers. buys Potion of Lesser Invulnerability >>
(17:16 / All) Obs: NGL-fLavour: the fight wasnt good by grubby
(17:21 / All) Obs: NGL-fLavour: killed 1 dot
(17:31 / All) WTV: [Wiz] <<MYM.Grubby buys Scroll of Healing >>
(17:33 / All) Obs: WHL]Sharrakkor: imbalance or?
(17:36 / All) Obs: WHL]Sharrakkor: :)
(17:37 / All) WTV: [Wiz] <<Bet.WinNers. trains first Faerie Dragon >>
(17:47 / All) Obs: NGL-kekko: gogo need to leaaavvee...
(17:53 / All) Obs: WHL]Sharrakkor: cant you afk?
(17:55 / All) WTV: [Wiz] <<MYM.Grubby buys Scroll of Speed >>
(17:55 / All) WTV: [Wiz] <<MYM.Grubby buys Healing Salve >>
(17:57 / All) Obs: WHL]Sharrakkor: or do you need to turn of your computer
(18:01 / All) WTV: [Wiz] <<MYM.Grubby buys Potion of Mana >>
(18:03 / All) Obs: NGL-kekko: upp reps
(18:03 / All) Obs: NGL-kekko: -.-
(18:13 / All) Obs: NGL-kekko: and want to see the game
(18:13 / All) Obs: NGL-kekko: :D
(18:17 / All) Obs: WHL]Sharrakkor: ^^
(18:24 / All) Obs: WHL]Sharrakkor: no more tp's
(18:43 / All) WTV: [Wiz] <<Bet.WinNers. trains Cluster Rockets (+Engineer Lvl3) (Tinker) >>
(18:47 / All) Obs: NGL-fLavour: winners wins
(18:58 / All) Obs: NGL-kekko: wtf
(18:59 / All) Obs: WHL]Sharrakkor: orb is like +10 food
(19:05 / All) Obs: WHL]Sharrakkor: 100 damage a hit :)
(19:15 / All) Obs: NGL-fLavour: kil
(19:17 / All) Obs: NGL-kekko: 4
(19:17 / All) Obs: WHL]Sharrakkor: ahh
(19:18 / All) Obs: NGL-kekko: down
(19:18 / All) WTV: [Wiz] <<Bet.WinNers. trains Evasion (NE Demon Hunter) >>
(19:19 / All) Obs: WHL]Sharrakkor: that
(19:20 / All) Obs: WHL]Sharrakkor: wave
(19:23 / All) WTV: [Wiz] <<MYM.Grubby revives dead hero >>
(19:34 / All) Obs: NGL-kekko: hi
(19:36 / All) Obs: NGL-kekko: nightelf
(19:38 / All) WTV: [Wiz] <<MYM.Grubby buys Lesser Clarity Potion >>
(19:39 / All) WTV: [Wiz] <<MYM.Grubby buys Healing Salve >>
(19:39 / All) WTV: [Wiz] <<MYM.Grubby buys Scroll of Speed >>
(20:11 / All) Obs: WHL]Sharrakkor: gogo get scroll
(20:32 / All) WTV: [Wiz] <<Bet.WinNers. buys Scroll of Healing >>
(20:34 / All) WTV: [Wiz] <<Bet.WinNers. buys Scroll of Town Portal >>
(20:36 / All) WTV: [Wiz] <<MapPing by NGL-fLavour (Obs) >>
(20:38 / All) WTV: [Wiz] <<MapPing by NGL-fLavour (Obs) >>
(20:39 / All) WTV: [Wiz] <<MYM.Grubby trains Endurance Aura (Orc Tauren Chieftain) >>
(20:59 / All) WTV: [Wiz] <<Bet.WinNers. researches Natures Blessing Upgrade >>
(21:01 / All) Obs: WHL]Sharrakkor: nice manuevering by grubbinator
(21:03 / All) Bet.WinNers.: go
(21:06 / All) WTV: [Wiz] <<Bet.WinNers. trains Summon Hawk (Beastmaster) >>
(21:11 / All) WTV: [Wiz] <<MYM.Grubby buys Scroll of Town Portal >>
(21:11 / All) WTV: [Wiz] <<MYM.Grubby buys Healing Salve >>
(21:13 / All) WTV: [Wiz] <<MYM.Grubby buys Scroll of Speed >>
(21:16 / All) WTV: [Wiz] <<MYM.Grubby trains Critical Strike (Orc Blade Master) >>
(21:26 / All) WTV: [Wiz] <<Bet.WinNers. buys Scroll of Town Portal >>
(21:27 / All) WTV: [Wiz] <<Bet.WinNers. buys Scroll of Healing >>
(21:34 / All) WTV: [Wiz] <<MapPing by WHL]Sharrakkor (Obs) >>
(21:34 / All) WTV: [Wiz] <<MapPing by WHL]Sharrakkor (Obs) >>
(21:47 / All) WTV: [Wiz] <<Bet.WinNers. trains Pocket Factory (+Engineer Lvl0) (Tinker) >>
(22:09 / All) WTV: [Wiz] <<MYM.Grubby buys Healing Salve >>
(22:12 / All) WTV: [Wiz] <<MYM.Grubby buys Lesser Clarity Potion >>
(22:27 / All) WTV: [Wiz] <<MYM.Grubby buys Scroll of Speed >>
(22:43 / All) Obs: NGL-fLavour: he just should have fought at his expansion
(22:52 / All) Obs: NGL-fLavour: with 70 vs 45 sup he would have won easily
(22:55 / All) WTV: [Wiz] <<MapPing by WHL]Sharrakkor (Obs) >>
(23:39 / All) Obs: WHL]Sharrakkor: i dont think heroes should be so strong
(23:41 / All) WTV: [Wiz] <<MapPing by WHL]Sharrakkor (Obs) >>
(23:47 / All) Obs: WHL]Sharrakkor: imagine if grubby had 2 bats then lol
(24:27 / All) WTV: [Wiz] <<MapPing by Bet.WinNers. >>
(24:40 / All) Obs: NGL-fLavour: USE SPEED SCROLL
(24:41 / All) Obs: NGL-fLavour: !!
(24:49 / All) Obs: NGL-fLavour: ah tc has tp
(25:03 / All) WTV: [Wiz] <<MYM.Grubby buys Scroll of Town Portal >>
(25:24 / All) Obs: WHL]Sharrakkor: does it rain in north germany alot?
(26:00 / All) WTV: [Wiz] <<MYM.Grubby buys Scroll of Speed >>
(26:57 / All) WTV: [Wiz] <<MYM.Grubby builds Voodoo Lounge >>
(27:10 / All) WTV: [Wiz] <<MYM.Grubby builds Voodoo Lounge >>
(28:15 / All) WTV: [Wiz] <<MYM.Grubby builds Great Hall >>
(28:45 / All) WTV: [Wiz] <<MYM.Grubby trains Shockwave (Orc Tauren Chieftain) >>
(28:55 / All) WTV: [Wiz] <<Bet.WinNers. buys Scroll of Town Portal >>
(28:57 / All) Obs: WHL]Sharrakkor: he can probably fight red
(28:57 / All) WTV: [Wiz] <<MYM.Grubby buys Healing Salve >>
(28:59 / All) Obs: WHL]Sharrakkor: without dh
(29:41 / All) Obs: NGL-fLavour: hmm
(30:03 / All) Obs: NGL-fLavour: all or nothing
(30:12 / All) Obs: WHL]Sharrakkor: gouing for base kill nice
(30:20 / All) Obs: NGL-fLavour: gg
(31:03 / All) WTV: No chat interface to talk to